 Dungeon Crawl Stone Soup version 0.23.1 (webtiles) character file.

Game seed: 0

15400 THEFOAD the Cleaver (level 12, -1/72 HPs)
             Began as a Halfling Fighter on Mar 9, 2019.
             Was an Elder of Hepliaklqana.
             Slain by a seven-headed hydra (4 damage)
             ... on level 10 of the Dungeon on Mar 13, 2019.
             The game lasted 03:22:10 (14486 turns).

THEFOAD the Cleaver (Halfling Fighter)             Turns: 14486, Time: 03:22:11

Health: -1/72      AC: 20    Str: 21    XL:     12   Next: 57%
Magic:  12/12      EV:  8    Int:  6    God:    Hepliaklqana [****..]
Gold:   160        SH: 17    Dex: 15    Spells: 11/11 levels left

rFire    . . .     SeeInvis .   V - +2 dagger (venom)
rCold    + . .     Gourm    .   c - +1 shield
rNeg     . . .     Faith    .   q - +1 plate armour
rPois    .         Spirit   .   o - +0 helmet
rElec    .         Reflect  +   A - +0 cloak
rCorr    .         Harm     .   (no gloves)
MR       .....                  j - +1 pair of boots
Stlth    ..........             H - +3 amulet of reflection
HPRegen  0.22/turn              N - ring of protection from cold
MPRegen  0.13/turn              (no ring)

@: no status effects
A: small, reduced essence, mutation resistance 1
a: Recall Ancestor, Ancestor Identity, Transference, Idealise, Renounce Religion


You were on level 10 of the Dungeon.
You worshipped Hepliaklqana.
Hepliaklqana was greatly pleased with you.
You were not hungry.

You visited 3 branches of the dungeon, and saw 14 of its levels.
You also visited: Sewer.

You collected 710 gold pieces.
You spent 550 gold pieces at shops.

Inventory:

Hand Weapons
 b - a +2 falchion of slicing
 E - a +2 falchion of electrocution
 G - a +2 war axe of draining
 I - a +0 hunting sling
 V - a +2 dagger of venom (weapon)
Missiles
 e - 315 stones (quivered)
 g - 7 needles of sleeping
 n - 199 arrows
 u - 29 poisoned needles
 w - 12 tomahawks
 y - 32 sling bullets
 M - 55 bolts
Armour
 c - a +1 shield (worn)
 d - a +0 ring mail of poison resistance
 j - a +1 pair of boots (worn)
 o - a +0 helmet (worn)
 q - a +1 plate armour (worn)
 A - a +0 cloak (worn)
Jewellery
 H - a +3 amulet of reflection (around neck)
 N - a ring of protection from cold (left hand)
Wands
 h - a wand of enslavement (8)
 v - a wand of iceblast (15)
 B - a wand of paralysis (4)
 J - a wand of disintegration (29)
 L - a wand of flame (47)
 O - a wand of digging (5)
 R - a wand of polymorph (9)
Scrolls
 a - a scroll of enchant armour
 k - 3 scrolls of enchant weapon
 s - 3 scrolls of fog
 x - 9 scrolls of teleportation
 D - 2 scrolls of holy word
 Q - 3 scrolls of remove curse
 S - a scroll of torment {unknown}
 T - a scroll of blinking
 Z - 7 scrolls of identify
Potions
 i - 2 potions of lignification
 l - 2 potions of agility
 m - a potion of might
 r - a potion of ambrosia
 t - 2 potions of flight
 z - a potion of cancellation {unknown}
 K - 2 potions of magic
 U - a potion of resistance {unknown}
Miscellaneous
 C - a fan of gales
 F - a crystal ball of energy
 Y - a lamp of fire
Comestibles
 f - 13 rations
 p - a chunk of flesh


   Skills:
 + Level 7.2 Fighting
 + Level 5.4 Short Blades
 + Level 11.5 Axes
 + Level 0.7 Throwing
 + Level 9.2 Armour
 + Level 1.4 Dodging
 + Level 5.2 Stealth
 + Level 11.0 Shields
 + Level 0.3 Evocations


You had 11 spell levels left.
You didn't know any spells.
Your spell library contained the following spells:

 Spells                   Type           Power        Failure   Level  Hunger
 Animate Skeleton         Necr           N/A          100%        1    ##.....
 Apportation              Tloc           #.....       100%        1    ##.....
 Confusing Touch          Hex            #.....       100%        1    ##.....
 Flame Tongue             Conj/Fire      #....        100%        1    ##.....
 Magic Dart               Conj           #...         100%        1    ##.....
 Summon Small Mammal      Summ           #...         100%        1    ##.....
 Blink                    Tloc           N/A          100%        2    ###....
 Searing Ray              Conj           #.....       100%        2    ###....
 Shroud of Golubria       Chrm/Tloc      #.........   100%        2    ###....
 Throw Flame              Conj/Fire      #.....       100%        2    ###....
 Conjure Flame            Conj/Fire      #.......     100%        3    ####...
 Dazzling Spray           Conj/Hex       #.....       100%        3    ####...
 Gell's Gravitas          Tloc           #.........   100%        3    ####...
 Inner Flame              Hex/Fire       #.......     100%        3    ####...
 Lesser Beckoning         Tloc           #.........   100%        3    ####...
 Teleport Other           Tloc           #.......     100%        3    ####...
 Force Lance              Conj/Tloc      #.......     100%        4    #####..
 Fulminant Prism          Conj/Hex       #.........   100%        4    #####..
 Iskenderun's Mystic Bla  Conj           #.......     100%        4    #####..
 Passage of Golubria      Tloc           N/A          100%        4    #####..
 Sticky Flame             Conj/Fire      #.......     100%        4    #####..
 Fireball                 Conj/Fire      #.........   100%        5    ######.


Dungeon Overview and Level Annotations

Branches:
Dungeon (10/15)            Temple (1/1) D:6            Lair (3/6) D:9
 Spider (0/4) Lair:3
  Swamp: Lair:2-4    Shoals: Lair:2-4       Orc: D:9-12

Altars:
Ashenzari
Cheibriados
Dithmenos
Elyvilon
Fedhas
Gozag
Hepliaklqana
Kikubaaqudgha
Makhleb
Nemelex Xobeh
Okawaru
Qazlal
Ru
Sif Muna
Trog
Uskayaw
Vehumet
Wu Jian
Xom
Yredelemnul
Zin
The Shining One
Beogh

Shops:
D:8 }

Annotations:
Lair:3 exclusion: oklob plant


Innate Abilities, Weirdness & Mutations

You are small and have problems with some larger weapons.
You are somewhat resistant to further mutation.
Your life essence is reduced to manifest your ancestor. (-10% HP)


Message History

The seven-headed hydra is heavily wounded.
You block the seven-headed hydra's attack. x2
The seven-headed hydra bites you!
* * * LOW HITPOINT WARNING * * *
You block the seven-headed hydra's attack.
The seven-headed hydra bites you.
* * * LOW HITPOINT WARNING * * *
The seven-headed hydra bites you!
* * * LOW HITPOINT WARNING * * *
You block the seven-headed hydra's attack.
As you read the scroll of fear, it crumbles to dust.
You assume a fearsome visage.
The seven-headed hydra resists with almost no effort.
The wyvern looks frightened!
The orc wizard looks frightened!
The orc looks frightened!
The orc wizard casts a spell.
The orc wizard blinks!
You block the seven-headed hydra's attack. x2
The seven-headed hydra bites you.
You die...

#. #.# ##.#####.#####
.............
#.......# #....)..#
#.......# #.....o.#
###.......########
.....o..l.D@.....#
##.#####.######### #.
#.# #.# #o# #.# #.#
#.# #o# # #.# #.#
#.#####.#####?########
.....................)


You could see a seven-headed hydra, a wyvern (fleeing), an orc wizard (fleeing)
and an orc (fleeing).

Vanquished Creatures
  A cyclops (D:7)
  Maurice (D:8)
  2 black mambas
  5 spiny frogs
  5 komodo dragons
  A jumping spider (Lair:3)
  A hornet (D:9)
  2 hippogriffs
  7 blink frogs
  5 redbacks (Lair:3)
  7 yaks
  A steam dragon (D:9)
  A basilisk (D:9)
  2 hungry ghosts
  Duvessa (D:6)
  3 porcupines
  3 water moccasins
  4 orc warriors (D:9)
  3 black bears (D:9)
  6 ogres
  2 phantoms (D:5)
  An ice beast (D:5)
  4 crocodiles
  4 centaurs
  2 big kobolds
  4 bullfrogs
  A scorpion (D:9)
  2 howler monkeys
  3 bullfrog zombies
  3 crimson imps
  A centaur zombie (D:5)
  2 hounds (D:4)
  2 quasits (D:9)
  3 jellies
  A gnoll shaman (D:8)
  8 orc priests
  11 orc wizards
  Terence (D:3)
  A bullfrog skeleton (D:6)
  2 iguanas
  Natasha (thrice) (D:3)
  8 worker ants
  A hound zombie (D:6)
  2 worker ant zombies
  8 gnolls
  7 adders
  An ooze (D:5)
  A worm (D:4)
  3 dart slugs
  4 leopard geckos
  45 orcs
  5 ball pythons
  7 giant cockroaches
  4 goblins (D:2)
  2 hobgoblins (D:2)
  12 jackals
  A quokka (D:8)
  2 bats (D:2)
  6 frilled lizards
  19 kobolds
  A leopard gecko skeleton (D:4)
  5 rats
  A plant (Sewer)
267 creatures vanquished.

Vanquished Creatures (collateral kills)
  A jumping spider (Lair:3)
  A blink frog (Lair:1)
  2 hippogriffs
  2 yaks
  2 basilisks
  A porcupine (Lair:3)
  An orc warrior (D:9)
  A sky beast (D:9)
  2 ogres
  2 crocodiles
  Dowan (D:6)
  An orc wizard (D:7)
  A gnoll (D:8)
  2 adders
  An adder skeleton (D:9)
  10 orcs
  A jackal (D:8)
  2 kobolds (D:9)
34 creatures vanquished.

Vanquished Creatures (others)
  5 hexers
  An ancestor (D:7)
  2 gnolls (D:8)
  A fungus (Lair:3)
9 creatures vanquished.

Grand Total: 310 creatures vanquished

Notes
Turn   | Place    | Note
-------+----------+-------------------------------------------
     0 | D:1      | THEFOAD the Halfling Fighter began the quest for the Orb.
     0 | D:1      | Reached XP level 1. HP: 15/15 MP: 1/1
   629 | D:1      | Reached XP level 2. HP: 20/20 MP: 2/2
   955 | D:2      | Reached XP level 3. HP: 25/25 MP: 3/3
  1112 | D:2      | Reached XP level 4. HP: 31/31 MP: 4/4
  1912 | D:3      | Noticed Natasha
  1928 | D:3      | Killed Natasha
  1928 | D:3      | Reached XP level 5. HP: 18/36 MP: 5/5
  1956 | D:3      | Noticed Natasha
  1969 | D:3      | Killed Natasha
  2282 | D:3      | Noticed Natasha
  2300 | D:3      | Killed Natasha
  2319 | D:3      | Noticed Terence
  2460 | D:3      | Killed Terence
  2868 | D:4      | Reached skill level 5 in Shields
  2868 | D:4      | Reached XP level 6. HP: 42/42 MP: 6/6
  3003 | D:4      | Noticed an ogre
  3011 | D:4      | Killed an ogre
  3011 | D:4      | Reached skill level 1 in Axes
  3011 | D:4      | Reached skill level 1 in Dodging
  3020 | D:4      | Reached XP level 7. HP: 23/46 MP: 7/7
  3378 | D:4      | Found a glowing drain.
  3383 | Sewer    | Entered a sewer
  4275 | D:5      | Entered Level 5 of the Dungeon
  4284 | D:4      | Reached skill level 1 in Stealth
  4329 | D:4      | Reached XP level 8. HP: 39/54 MP: 8/8
  4446 | D:5      | Found a deep blue altar of Sif Muna.
  4454 | D:5      | Found a sparkling altar of Nemelex Xobeh.
  4504 | D:5      | Found an ornate altar of the Wu Jian Council.
  4542 | D:5      | Reached skill level 5 in Armour
  5072 | D:5      | Reached skill level 5 in Axes
  5222 | D:5      | Reached XP level 9. HP: 57/59 MP: 9/9
  5713 | D:6      | Noticed Duvessa
  5713 | D:6      | Noticed Dowan
  5772 | D:6      | Found a staircase to the Ecumenical Temple.
  5835 | Temple   | Entered the Ecumenical Temple
  5914 | Temple   | Became a worshipper of Hepliaklqana the Forgotten
  6157 | D:6      | Identified the +4 leather armour of Noon {Dex+5}
  6166 | D:6      | Reached skill level 5 in Fighting
  6168 | D:6      | Killed Duvessa
  6173 | D:6      | Killed Dowan
  6515 | D:6      | Reached * piety under Hepliaklqana
  6597 | D:6      | Found a bloodstained altar of Trog.
  6659 | D:7      | Found a bloodstained altar of Trog.
  7099 | D:7      | Noticed a cyclops
  7136 | D:7      | Killed a cyclops
  7136 | D:7      | Reached XP level 10. HP: 25/59 MP: 10/10
  7855 | D:8      | Noticed Maurice
  7873 | D:8      | Paralysed by an orc for 5 turns
  7878 | D:8      | Killed Maurice
  7989 | D:8      | Reached ** piety under Hepliaklqana
  7990 | D:8      | Remembered your ancestor Lexania as a hexer
  8130 | D:8      | Found a basalt altar of Yredelemnul.
  8136 | D:8      | Noticed a profane servitor
  8158 | D:8      | Found a glowing golden altar of the Shining One.
  8160 | D:8      | Noticed an angel
  8307 | D:8      | Found Xytattiest's Gadget Boutique.
  8311 | D:8      | Bought a lamp of fire for 440 gold pieces
  8593 | D:9      | Reached skill level 5 in Short Blades
  8623 | D:9      | Found a roughly hewn altar of Beogh.
  9185 | D:9      | Reached XP level 11. HP: 38/64 MP: 11/11
 10076 | D:9      | Found a staircase to the Lair.
 10108 | Lair:1   | Entered Level 1 of the Lair of Beasts
 10287 | Lair:1   | Reached *** piety under Hepliaklqana
 10294 | Lair:1   | Reached skill level 10 in Axes
 10392 | Lair:1   | Reached skill level 10 in Shields
 12109 | Lair:2   | Reached XP level 12. HP: 54/72 MP: 12/12
 12755 | Lair:2   | Reached **** piety under Hepliaklqana
 13269 | Lair:3   | Found a hole to the Spider Nest.
 13772 | Lair:3   | Reached skill level 5 in Stealth
 14213 | D:8      | Bought a wand of iceblast (6) for 110 gold pieces
 14382 | D:10     | Entered Level 10 of the Dungeon
 14383 | D:10     | Noticed a seven-headed hydra
 14485 | D:10     | HP: 3/72 [seven-headed hydra (11)]
 14486 | D:10     | Slain by a seven-headed hydra

Skill      XL: |  1  2  3  4  5  6  7  8  9 10 11 12 |
---------------+-------------------------------------+-----
Shields        | 4 5 6 7 9 10 11 | 11.0
Fighting       | 3 4 5 6 7 |  7.2
Short Blades   | 3 4 5 |  5.4
Armour         | 4 5 6 7 8 9 |  9.2
Axes           | 1 3 5 7 9 10 11 | 11.5
Dodging        | 1 |  1.4
Stealth        | 1 2 3 5 |  5.2
Throwing       | |  0.7
Evocations     | |  0.3

Action                   |  1- 3 |  4- 6 |  7- 9 | 10-12 || total
-------------------------+-------+-------+-------+-------++-------
Melee: Rapier            |    73 |   105 |       |       ||   178
       War axe           |       |    34 |   419 |   507 ||   960
       Dagger            |       |       |       |    46 ||    46
Throw: Stone             |       |     4 |    19 |       ||    23
Invok: Recall Ancestor   |       |       |     1 |     2 ||     3
       Ancestor Identity |       |       |     1 |       ||     1
       Ancestor Life: He |       |       |       |     1 ||     1
Evoke: Wand              |       |       |       |    17 ||    17
       Lamp of fire      |       |       |       |     1 ||     1
  Use: Scroll            |     4 |     7 |     5 |     7 ||    23
       Potion            |     1 |     2 |     6 |    16 ||    25
 Stab: Distracted        |       |       |     1 |     9 ||    10
       Confused          |       |       |       |     8 ||     8
  Eat: Chunk             |     1 |     2 |     6 |    12 ||    21
       Ration            |       |     1 |     5 |     4 ||    10
Armor: Scale mail        |    24 |    18 |       |       ||    42
       Plate armour      |       |    34 |   206 |   257 ||   497
Dodge: Dodged            |    29 |    21 |    84 |   117 ||   251
Block: Shield            |    37 |    73 |   210 |   390 ||   710
